 Dungeon Crawl Stone Soup version 0.25.1-9-gc5326a611f (webtiles) character file.

Game seed: 6343277861186887665

249 Descartes the Ducker (level 5, 0/24 HPs)
             Began as a Felid Monk on Jan 3, 2021.
             Blown up by Ijyb (24 damage)
             ... with a disintegration bolt
             ... on level 5 of the Dungeon.
             The game lasted 00:05:41 (4649 turns).

Descartes the Ducker (Felid Monk)                   Turns: 4649, Time: 00:05:42

Health: 0/24       AC:  1    Str:  8    XL:     5   Next: 87%
Magic:  0/7        EV: 22    Int: 12    God:
Gold:   5          SH:  0    Dex: 18    Spells: 2/6 levels left
                                        Lives:  0   Deaths: 1

rFire    . . .     SeeInvis +     - Unarmed
rCold    . . .     Gourm    .   (shield unavailable)
rNeg     . . .     Faith    .   (armour unavailable)
rPois    .         Spirit   +   (helmet unavailable)
rElec    .         Reflect  .   (cloak unavailable)
rCorr    .         Harm     .   (gloves unavailable)
MR       .....                  (boots unavailable)
Stlth    ++........             p - amulet of guardian spirit
HPRegen  0.08/turn              (no ring)
MPRegen  0.10/turn              (no ring)

@: very slow
A: very small, no armour, no weapons or thrown items, stealth, claws 1, fangs 3,
see invisible, carnivore, speed 1, shaggy fur 1, slow metabolism 1, sharp paws
a: no special abilities


You were on level 5 of the Dungeon.
You were completely stuffed.

You visited 2 branches of the dungeon, and saw 6 of its levels.

You collected 174 gold pieces.
You spent 169 gold pieces at shops.

Inventory:

Missiles
 f - 214 stones
 j - 87 arrows
Jewellery
 d - an uncursed amulet of magic regeneration
 o - an uncursed ring of fire
 p - an amulet of guardian spirit (around neck)
Scrolls
 b - 2 scrolls of teleportation {unknown}
 e - a scroll of remove curse {unknown}
 n - a scroll of fog {unknown}
 s - a scroll of fear {unknown}
 u - a scroll of amnesia {unknown}
 v - a scroll of random uselessness {unknown}
Potions
 c - a potion of might
 g - a potion of flight
 h - 3 potions of cancellation {unknown}
 i - 3 potions of lignification {unknown}
 k - 4 potions of curing
 l - a potion of resistance {unknown}
 q - a potion of ambrosia
 r - a potion of haste {unknown}
 t - a potion of invisibility
Comestibles
 a - 8 rations
 w - 2 chunks of flesh


   Skills:
 - Level 3.0 Fighting
 + Level 6.0 Dodging
 + Level 5.4 Stealth
 + Level 4.5 Unarmed Combat
 + Level 1.2 Spellcasting
 + Level 2.3 Translocations


You had 2 spell levels left.
You knew the following spells:

 Your Spells              Type           Power        Failure   Level  Hunger
a - Blink                 Tloc           N/A          17%         2    ###....
b - Slow                  Hex            #.......     41%         2    ###....

Your spell library contained the following spells:

 Spells                   Type           Power        Failure   Level  Hunger
 Magic Dart               Conj           #...         30%         1    ##.....
 Call Imp                 Summ           #.......     41%         2    ###....
 Conjure Flame            Conj/Fire      #.......     65%         3    ####...
 Mephitic Cloud           Conj/Pois/Air  #.......     65%         3    ####...


Dungeon Overview and Level Annotations

Branches:
Dungeon (5/15)             Temple (1/1) D:4

Altars:
Cheibriados
Dithmenos
Fedhas
Hepliaklqana
Kikubaaqudgha
Makhleb
Okawaru
Qazlal
Ru
Sif Muna
Trog
Uskayaw
Vehumet
Wu Jian
Xom
Yredelemnul
The Shining One

Shops:
D:4 *

Annotations:
D:5 Ijyb


Innate Abilities, Weirdness & Mutations

You cannot wear armour.
You are incapable of wielding weapons or throwing items.
Your paws allow you to move quietly. (Stealth)
You have sharp claws.
You have razor-sharp teeth.
You have supernaturally acute eyesight. (SInv)
You are carnivorous and can eat meat at any time.
You cover ground quickly.
You are covered in fur. (AC +1)
You have a slow metabolism.
Your sharp claws are effective at attacking unaware monsters.


Message History

There is an open door here.
You enter the shallow water.
Moving in this stuff is going to be slow.
Ijyb the Twisted Goblin comes into view.
She is wielding a +7 club and carrying a wand of disintegration (16).
Your unstable footing causes you to fumble your attack.
The dart slug misses you.
The iguana hisses angrily.
The crimson imp shouts!
You scratch the dart slug. You bite the dart slug.
The dart slug is heavily wounded.
The crimson imp blinks!
Ijyb shouts!
You scratch the dart slug.
You kill the dart slug!
Your unstable footing causes you to fumble your attack.
The hound skeleton closely misses you. The iguana closely misses you.
The crimson imp blinks!
Your unstable footing causes you to fumble your attack.
The hound skeleton misses you.
Ijyb zaps a wand.
You are blasted!
Ouch! That really hurt!
You die...

##...## ##.....####
##.........###
###.....§g≈≈≈≈≈#.
.'......≈≈...≈≈.
#......≈..°°.≈.
#.....≈Z§°..≈#
#....@l..§.≈#
##...≈≈...≈≈.
##5##≈≈≈≈≈## #.#
###### #.#
#######.######
#............#
#.###.....##.###
#.#####.##...........


You could see Ijyb, an iguana, a crimson imp and a hound skeleton.

Vanquished Creatures
  An orc priest (D:4)
  A bullfrog skeleton (D:5)
  An orc wizard (D:4)
  Jessica (D:3)
  2 iguanas (D:5)
  A worker ant (D:4)
  A hound skeleton (D:4)
  4 gnolls
  2 adders (D:3)
  An ooze (D:1)
  2 worms (D:3)
  3 dart slugs
  A leopard gecko (D:5)
  3 orcs (D:4)
  13 bats
  5 giant cockroaches
  2 goblins
  5 hobgoblins
  4 jackals (D:4)
  3 quokkas
  A frilled lizard (D:2)
  5 kobolds
  8 rats
70 creatures vanquished.

Vanquished Creatures (others)
  An ogre (D:5)
  An orc wizard (D:5)
  A dart slug (D:5)
  A leopard gecko (D:5)
4 creatures vanquished.

Grand Total: 74 creatures vanquished

Notes
Turn   | Place    | Note
-------+----------+-------------------------------------------
     0 | D:1      | Descartes the Felid Monk began the quest for the Orb.
     0 | D:1      | Reached XP level 1. HP: 10/10 MP: 2/2
   123 | D:1      | Reached XP level 2. HP: 14/14 MP: 3/3
   470 | D:1      | Reached XP level 3. HP: 13/17 MP: 4/4
  1322 | D:2      | Found a shadowy altar of Dithmenos.
  1901 | D:3      | Reached skill level 5 in Dodging
  1913 | D:3      | Reached XP level 4. HP: 16/21 MP: 5/5
  2095 | D:3      | Noticed Jessica
  2097 | D:3      | Killed Jessica
  2621 | D:4      | Reached XP level 5. HP: 24/24 MP: 6/6
  2632 | D:4      | Learned a level 2 spell: Blink
  2635 | D:4      | Learned a level 2 spell: Slow
  2755 | D:4      | Killed from afar by an orc priest
  2756 | D:4      | Reached XP level 4. HP: -5/21 MP: 0/5
  2809 | D:4      | Reached skill level 1 in Translocations
  3036 | D:4      | Reached skill level 5 in Stealth
  3167 | D:4      | Found a staircase to the Ecumenical Temple.
  3173 | Temple   | Entered the Ecumenical Temple
  3421 | D:4      | Found Roepneusk's Assorted Antiques.
  3429 | D:4      | HP: 1/21 [orc priest/+0 long sword (7)]
  3707 | D:4      | Bought a bubbling dark potion for 22 gold pieces
  3707 | D:4      | Bought a scroll labeled REEQ PUEXZOTAX for 25 gold pieces
  3707 | D:4      | Bought a scroll labeled GEPSENN XABUSU for 25 gold pieces
  3707 | D:4      | Bought an orange potion for 22 gold pieces
  3707 | D:4      | Bought a scroll labeled REEQ PUEXZOTAX for 25 gold pieces
  3707 | D:4      | Bought a scroll labeled OPOAZENLOU for 25 gold pieces
  3707 | D:4      | Bought a scroll labeled EDUOJOE JAOSUIKK for 25 gold pieces
  3817 | D:5      | Entered Level 5 of the Dungeon
  3899 | D:5      | Reached XP level 5. HP: 22/24 MP: 5/7
  3954 | D:5      | Reached skill level 1 in Spellcasting
  3963 | D:5      | Killed an ogre
  4177 | D:5      | Noticed an ice beast
  4553 | D:5      | Reached skill level 6 in Dodging
  4633 | D:5      | Found a shimmering altar of Xom.
  4644 | D:5      | Noticed Ijyb
  4649 | D:5      | Blown up by Ijyb

Illustrated notes

Levels and vault maps discovered:
D:1:      psy_arrival_radial01, layout_basic
D:2:      layout_rooms, grunt_dithmenos_smoke, minmay_pentomino_v4
D:3:      layout_loops_ring, first_ration, uniq_jessica
D:4:      layout_rooms, minmay_temple_entry_fiery, serial_shops, shop
D:5:      layout_loops_corners, serial_shops, shop, kennysheep_flooded_box,
          abandoned_shop, xom_confusion_cloud, uniq_ijyb
Temple:   regret_index_temple_sphere_string

Skill      XL: |  1  2  3  4  5 |
---------------+----------------+-----
Stealth        | 3 4 5 |  5.4
Dodging        | 5 6 |  6.0
Unarmed Combat | 4 |  4.5
Translocations | 1 2 |  2.3
Spellcasting   | 1 |  1.2
Fighting       | |  3.0

Action                   |  1- 3 |  4- 6 || total
-------------------------+-------+-------++-------
Melee: Unarmed           |    89 |   135 ||   224
       Bite              |     5 |    16 ||    21
       Punch             |     2 |     1 ||     3
  Use: Scroll            |       |     5 ||     5
 Stab: Sleeping          |    18 |     6 ||    24
  Eat: Chunk             |     9 |    10 ||    19
Armor: Skin              |     7 |     3 ||    10
Dodge: Dodged            |    52 |   123 ||   175
